 Dungeon Crawl Stone Soup version 0.28-a0-472-g50180c0d78 (webtiles) character file.

Game seed: 11625713226612083711

86 Dabor the Grave Robber (level 4, -14/22 HPs)
             Began as a Vine Stalker Necromancer on Sept 15, 2021.
             Was a Follower of Ru.
             Demolished by Crazy Yiuf (15 damage)
             ... on level 2 of the Dungeon.
             The game lasted 00:11:28 (2868 turns).

Dabor the Grave Robber (Vine Stalker Necromancer)   Turns: 2868, Time: 00:11:28

Health: -14/22     AC:  6    Str: 10    XL:     4   Next: 50%
Magic:  0/9        EV: 12    Int: 22    God:    Ru [*.....]
Gold:   50         SH:  0    Dex: 15    Spells: 3/8 levels left

rFire   . . .      SeeInvis .   c - staff of death
rCold   . . .      Faith    .   (no shield)
rNeg    + . .      Spirit   +   e - +1 steam dragon scales
rPois   .          Reflect  .   (no helmet)
rElec   .          Harm     .   (no cloak)
rCorr   .          Rampage  .   (no gloves)
Will    .....                   (no boots)
Stlth   ++........              (no amulet)
HPRegen 1.07/turn               d - +6 ring of intelligence
MPRegen 0.11/turn               (no ring)

@: mighty, lethally poisoned (-14 -> -20), very slightly contaminated
A: fangs 2, regeneration 1, magic shield, antimagic bite, no potion heal 2, no
fire magic, no summoning magic, no transmutations magic
a: Renounce Religion


You were on level 2 of the Dungeon.
You worshipped Ru.
Ru was aware of your devotion.
You visited 1 branch of the dungeon, and saw 2 of its levels.

You collected 50 gold pieces.

Inventory:

Armour
 a - a +0 robe
 b - a +0 helmet
 e - +1 steam dragon scales (worn)
 i - a +2 helmet
Magical Staves
 c - a staff of death (weapon)
Jewellery
 d - a +6 ring of intelligence (left hand)
 j - a ring of poison resistance
Scrolls
 g - a scroll of vulnerability
 k - 2 scrolls of enchant armour
Potions
 f - a potion of curing {unknown}
 l - a potion of heal wounds


   Skills:
 + Level 1.1 Fighting
 + Level 0.0 Staves
 + Level 2.2 Dodging
 + Level 3.5 Stealth
 + Level 2.8 Spellcasting
 + Level 4.4 Necromancy
 + Level 0.0 Evocations


You had 3 spell levels left.
You knew the following spells:

 Your Spells              Type           Power      Damage    Failure   Level
a - Pain                  Necr           100%       1d9       1%          1
b - Animate Skeleton      Necr           66%        N/A       1%          1
c - Vampiric Draining     Necr           16%        2d8       6%          3

Your spell library contained the following spells:

 Spells                   Type           Power      Damage    Failure   Level
 Gell's Gravitas          Tloc           1%         N/A       36%         3
 Lesser Beckoning         Tloc           3%         N/A       36%         3
 Mephitic Cloud           Conj/Pois/Air  3%         N/A       36%         3
 Teleport Other           Tloc           3%         N/A       36%         3
 Animate Dead             Necr           16%        N/A       21%         4
 Agony                    Necr           33%        N/A       50%         5
 Freezing Cloud           Conj/Ice/Air   1%         6-21      98%         5
 Ignite Poison            Fire/Tmut/Pois Unusable   N/A       N/A         3

Dungeon Overview and Level Annotations

Branches:
Dungeon (2/15)

Altars:
Ru

Shops:
D:2 [

Annotations:
D:2 Crazy Yiuf


Innate Abilities, Weirdness & Mutations

You have extremely sharp teeth.
Your natural rate of healing is unusually fast.
When hurt, damage is shared between your health and your magic reserves.
Your bite disrupts and absorbs the magic of your enemies.
Potions cannot restore your health.
You cannot study or cast Fire magic.
You cannot study or cast Summoning magic.
You cannot study or cast Transmutations magic.


Message History

The spell is quite dangerous to cast (6% risk of failure)!
Continue anyway?
Aiming: Vampiric Draining (quite dangerous; 6% risk of failure)
Press: ? - help, Shift-Dir - straight line, f - Crazy Yiuf
Aim: Crazy Yiuf, wielding a +3 quarterstaff of chaos and wearing a +0 cloak You feel a surge of power!
You draw life force from Crazy Yiuf!
You feel life coursing into your body. Crazy Yiuf closely misses you.
You hit Crazy Yiuf but do no damage.
Crazy Yiuf is heavily wounded.
Crazy Yiuf barely misses you.
You closely miss Crazy Yiuf.
Crazy Yiuf is heavily wounded.
Crazy Yiuf cries, "You leg down broken song, no?"
Crazy Yiuf closely misses you.
You hit Crazy Yiuf but do no damage.
Crazy Yiuf is heavily wounded.
Crazy Yiuf hits you with a +3 quarterstaff of chaos!
You feel very mighty all of a sudden.
Casting: Vampiric Draining (quite dangerous; 6% risk of failure)
Confirm with . or Enter, or press ? or * to list all spells.
The spell is quite dangerous to cast (6% risk of failure)!
Continue anyway?
Aiming: Vampiric Draining (quite dangerous; 6% risk of failure)
Press: ? - help, Shift-Dir - straight line, f/p - Crazy Yiuf
Aim: Crazy Yiuf, wielding a +3 quarterstaff of chaos and wearing a +0 cloak (heavily wounded)
You feel a surge of power!
You miscast Vampiric Draining.
You are very lightly contaminated with residual magic.
Nothing appears to happen.
Crazy Yiuf hits you but does no damage. You partially resist.
There is an open translucent door here.
Crazy Yiuf hits you with a +3 quarterstaff of chaos!
Ouch! That really hurt!
* * * LOW HITPOINT WARNING * * *
You are lethally poisoned!
Okay, then.
You feel mightier all of a sudden.
* * * LOW HITPOINT WARNING * * *
You feel very sick.
Crazy Yiuf grits, "Powder hand pizzabubble!"
Crazy Yiuf hits you with a +3 quarterstaff of chaos!
Ouch! That really hurt!
You die...

.....#####.#.....###########....#
.....'.....####### #....##.....
.....#####.# ####.##..... ##'###
#.# ##### #.##..... #....# #.#
#)..# #.##..... #....# #.# #...#
#.##..... #....#####.# #...#
#.##..... ####.#.....# ##g##
####.##.#..# #.#.....# ♣@♣♣
#....##.#... #.......# ♣♣.♣
##...##.#... ##......# ♣.♣♣
#...##.#### #......# ♣♣.♣
#...##.#... # #......# ♣♣.♣♣
#...##.#.## # ##.###.# ♣♣...♣
##...##.#.#† # #.###.# ♣....♣
#.......#.#. # #..##'# #....#
#.......#.#. #
#.....####....###.......#.#.


You could see Crazy Yiuf.

Vanquished Creatures
  Robin (D:2)
  A worm (D:2)
  A dart slug (D:2)
  2 ball pythons
  3 bats
  5 endoplasms
  A giant cockroach (D:1)
  11 goblins
  3 hobgoblins (D:2)
  2 kobolds
  2 quokkas
  A frilled lizard (D:2)
  A rat (D:2)
34 creatures vanquished.

Vanquished Creatures (collateral kills)
  Jessica (D:2)
  2 goblins (D:2)
  A hobgoblin (D:2)
4 creatures vanquished.

Grand Total: 38 creatures vanquished

Notes
Turn   | Place    | Note
-------+----------+-------------------------------------------
     0 | D:1      | Dabor the Vine Stalker Necromancer began the quest for the
                  | Orb.
     0 | D:1      | Reached XP level 1. HP: 9/9 MP: 4/4
   242 | D:1      | Learned a level 1 spell: Animate Skeleton
   261 | D:1      | Reached XP level 2. HP: 11/13 MP: 3/6
   398 | D:1      | Found a faded altar of an unknown god.
   711 | D:1      | Became a worshipper of Ru the Awakened
   732 | D:1      | Gained mutation: You cannot study or cast Fire magic. [Ru
                  | sacrifice]
   732 | D:1      | Gained mutation: You cannot study or cast Transmutations
                  | magic. [Ru sacrifice]
   732 | D:1      | Gained mutation: You cannot study or cast Summoning magic.
                  | [Ru sacrifice]
   732 | D:1      | Reached * piety under Ru
  1089 | D:2      | Found Hurritol's Antique Armour Emporium.
  1397 | D:2      | Reached XP level 3. HP: 14/16 MP: 4/7
  1435 | D:2      | Noticed Robin
  1439 | D:2      | Killed Robin
  1455 | D:2      | Noticed Jessica
  1784 | D:2      | Killed Jessica
  1785 | D:2      | Reached skill level 1 in Fighting
  1785 | D:2      | Gained mutation: Your natural rate of healing is unusually
                  | fast. [Vine Stalker growth]
  1785 | D:2      | Reached XP level 4. HP: 10/22 MP: 5/9
  2021 | D:2      | Learned a level 3 spell: Vampiric Draining
  2544 | D:2      | Found a runed translucent door.
  2545 | D:2      | Noticed Crazy Yiuf
  2868 | D:2      | HP: 1/22 [poisoned by Crazy Yiuf]
  2868 | D:2      | Demolished by Crazy Yiuf

Illustrated notes

Levels and vault maps discovered:
D:1:      roderic_octagonal_star, layout_rooms, basic_ecumenical_altar,
          roderic_malta_cross, amcnicky_mini_corridor_feature
D:2:      layout_basic, serial_shops, shop, uniq_robin, uniq_jessica,
          uniq_crazy_yiuf_cottage

Skill      XL: |  1  2  3 |
---------------+----------+-----
Stealth        | 3 |  3.5
Dodging        | 2 |  2.2
Fighting       | 1 |  1.1
Spellcasting   | |  2.8
Necromancy     | |  4.4

Action                   |  1- 3 |  4- 6 || total
-------------------------+-------+-------++-------
Melee: Unarmed           |    46 |       ||    46
       Bite              |     8 |     8 ||    16
       Dagger            |    10 |     4 ||    14
       Staff             |       |    20 ||    20
 Cast: Pain              |    28 |     5 ||    33
       Animate Skeleton  |    12 |     1 ||    13
       Vampiric Draining |       |     2 ||     2
Invok: Sacrifice Arcana  |     1 |       ||     1
  Use: Scroll            |     2 |     3 ||     5
       Potion            |     1 |     1 ||     2
 Stab: Sleeping          |     2 |       ||     2
Armor: Robe              |     3 |       ||     3
       Steam dragon scal |    15 |     7 ||    22
Dodge: Dodged            |    35 |    16 ||    51

Table legend: (Time is in decaauts)
 A = Elapsed time spent in this place.
 B = Non-inter-level travel time spent in this place.
 C = Inter-level travel time spent in this place.
 D = Time resting spent in this place.
 E = Time spent auto-exploring this place.
 F = Levels seen in this place.
 G = Mean time per level.
                   A        B        C        D        E       F      G
               +--------+--------+--------+--------+--------+-----+--------+
         Total |   2870 |   2845 |     25 |    533 |   1668 |   2 | 1435.0 |
       Dungeon |   2870 |   2845 |     25 |    533 |   1668 |   2 | 1435.0 |
               +--------+--------+--------+--------+--------+-----+--------+

Top non-repeatable levels by time:
     D:2: 2090 daAuts
     D:1: 779 daAuts
